cohdb
Replays
Latest Replays
All Replays
Popular Replays
Top Player Replays
Match Explorer
How It Works
Community
CoH3 Stats
Reddit
Sign in to upload your games and track your stats! →
Sign in with Steam
Match 42156594
Unlisted
Match 42156594
Overview
Messages
Build Orders
End
Vickers Machine Gun Team
Construct Section Command Post
Dingo Light Scout Car
Selects Air and Sea Battlegroup
Selects Air and Sea Battlegroup
Infantry Section
ML 3-inch Mortar Team
Infantry Section
Construct Field Infirmary
Construct Platoon Command Post
Humber Armored Car
Selects Supply Surplus
Selects Commando Section Paradrop
Selects Commando Support Section Paradrop
Commando Section Paradrop
incel_incinerat0r
GodFearer777xboxlive
HulkSMASH
⚓️Ruby⚓
0
0
Comments
sign in to comment!
No comments posted yet!